Map: Triton LE

Players

Semper - Winner!

  • Race: Terran Terran
  • Spawn Location: 11:00

penny

  • Race: Protoss Protoss
  • Spawn Location: 5:00

VOD

Have the link to the VOD?

Description

Time

  • Played on: Sept. 6, 2019, 3:14 p.m.
  • Length: 5:56
Show
View Real Time Build Order
Export as new Build Order

Semper Terran - Winner!

Build Orders: Reaper Expand, Banshee Rush 

Get SALT Encoding   

  12  0:01  SCV  
  13  0:13  SCV  
  14  0:17  Supply Depot  
  14  0:25  SCV  
  15  0:38  SCV  
  15  0:40  Barracks  
  16  0:43  Refinery  
  16  0:50  SCV  
  17  1:03  SCV  
  18  1:15  SCV  
  19  1:27  Orbital Command  
  19  1:28  Reaper  
  20  1:42  Command Center  
  20  1:50  Supply Depot  
  20  1:54  SCV  
  21  1:59  Marine  
  22  2:07  SCV  
  23  2:11  Factory  
  23  2:15  Refinery  
  23  2:20  SCV  
  23  2:22  Barracks Reactor  
  24  2:34  SCV  
  25  2:46  SCV  
  26  2:54  Orbital Command  
  26  2:55  Starport  
  26  3:00  SCV  
  26  3:01  Factory Tech Lab  
  26  3:02  Marine x2  
  29  3:08  Bunker  
  29  3:12  SCV  
  30  3:19  SCV  
  31  3:21  Marine x2  
  31  3:24  SCV  
  34  3:30  Factory Tech Lab  
  34  3:32  SCV  
  35  3:36  SCV  
  35  3:39  Marine x2  
  37  3:43  Cloaking Field  
  37  3:44  Banshee, SCV  
  37  3:46  Supply Depot  
  37  3:48  SCV  
  42  3:55  Supply Depot  
  42  3:56  SCV  
  42  3:57  Marine x2  
  42  4:00  SCV  
  46  4:07  Siege Tank  
  46  4:08  SCV  
  50  4:12  SCV  
  50  4:14  Supply Depot  
  51  4:17  Barracks  
  51  4:19  Marine x2  
  51  4:20  SCV  
  54  4:24  Barracks  
  54  4:25  Engineering Bay  
  54  4:30  Banshee  
  57  4:33  SCV  
  57  4:34  SCV  
  59  4:40  Refinery  
  59  4:45  Marine x2, SCV  
  62  4:46  SCV  
  62  4:47  Siege Tank  
  62  4:52  Missile Turret  
  66  4:57  SCV  
  66  5:02  SCV  
  66  5:05  Marine x2  
  66  5:06  Marine  
  70  5:28  Supply Depot  
  70  5:35  SCV  
  70  5:36  Starport Reactor  
  70  5:37  Barracks Tech Lab  
Show
View Real Time Build Order
Export as new Build Order

penny Protoss 

Build Orders: 1 Gate Expand, Blink Stalkers 

Get SALT Encoding   

  12  0:00  Probe  
  13  0:13  Probe  
  14  0:18  Pylon  
  14  0:24  Probe  
  15  0:32  Probe  
  15  0:40  Gateway, Probe  
  16  0:46  Assimilator  
  17  0:51  Probe  
  18  1:03  Probe  
  19  1:15  Probe  
  20  1:26  Nexus  
  20  1:38  Cybernetics Core  
  20  1:43  Probe  
  21  1:51  Assimilator  
  21  1:55  Probe  
  21  1:57  Pylon  
  22  2:05  Stalker  
  22  2:09  Probe  
  22  2:14  Warp Gate  
  25  2:21  Probe  
  26  2:33  Probe  
  25  2:47  Probe  
  25  2:48  Probe  
  25  2:55  Stalker  
  25  2:57  Twilight Council, Probe  
  28  3:00  Probe  
  30  3:08  Probe  
  31  3:12  Probe  
  31  3:19  Pylon  
  32  3:20  Probe x2  
  34  3:27  Blink  
  34  3:31  Probe  
  35  3:37  Probe  
  35  3:39  Probe  
  36  3:44  Shield Battery, Gateway  
  36  3:47  Probe  
  37  3:49  Probe  
  39  3:59  Probe  
  39  4:02  Sentry  
  42  4:05  Gateway  
  42  4:06  Gateway  
  42  4:07  Probe  
  43  4:16  Probe  
  44  4:18  Gateway  
  44  4:21  Probe  
  45  4:32  Gateway  
  45  4:35  Gateway x2  
  45  4:38  Stalker  
  45  4:41  Stalker  
  49  4:49  Pylon  
  49  5:08  Gateway  
  49  5:09  Stalker x4  
  49  5:12  Probe  
  55  5:24  Probe  
  49  5:41  Probe x2  
  46  5:44  Stalker x5  
Tags
 
Add a new tag
Caveats
  • Supply blocks, unpowered buildings, or Contaminate may cause inaccurate times.
  • Supply counts are checked every 10 seconds.